 Dungeon Crawl Stone Soup version 0.29.1-13-g9f3cf754e1 (webtiles) character file.

Game seed: 7402477906464810026

240 booth the Slasher (level 6, 0/44 HPs)
             Began as a Gnoll Wanderer on Feb 6, 2023.
             Was a Believer of Elyvilon.
             Slain by a mummy (12 damage)
             ... in an ossuary.
             The game lasted 00:25:26 (3552 turns).

booth the Slasher (Gnoll Wanderer)                  Turns: 3552, Time: 00:25:26

Health: 0/44       AC:  8    Str: 15    XL:     6   Next: 8%
Magic:  12/14      EV:  9    Int: 11    God:    Elyvilon [**....]
Gold:   223        SH:  0    Dex: 10    Spells: 14/15 levels left

rFire   . . .      SeeInvis .   a - +3 falchion
rCold   + . .      Faith    .   (no shield)
rNeg    . . .      Spirit   .   b - +0 scale mail
rPois   .          Reflect  .   (no helmet)
rElec   .          Harm     .   i - +0 cloak
rCorr   .          Rampage  .   (no gloves)
Will    .....                   (no boots)
Stlth   ..........              (no amulet)
HPRegen 0.14/turn               m - ring of protection from cold
MPRegen 0.14/turn               (no ring)

@: no status effects
A: fangs 1, strong nose, distributed training
a: Renounce Religion, Purification, Heal Other


You were in an ossuary.
You worshipped Elyvilon.
Elyvilon was pleased with you.
You visited 1 branch of the dungeon, and saw 4 of its levels.
You also visited: Ossuary.

You collected 223 gold pieces.

Inventory:

Hand Weapons
 a - a +3 falchion (weapon)
 d - a +0 mace
Missiles
 g - 3 boomerangs
Armour
 b - a +0 scale mail (worn)
 i - a +0 cloak (worn)
Jewellery
 m - a ring of protection from cold (left hand)
Wands
 j - a wand of iceblast (24)
Scrolls
 e - a scroll of teleportation
 h - 2 scrolls of vulnerability
Potions
 f - 2 potions of brilliance
 l - a potion of mutation {unknown}
 q - a potion of attraction


   Skills:
 + Level 1.8 Fighting
 + Level 1.8 Short Blades
 + Level 6.8 Long Blades
 + Level 1.8 Axes
 + Level 1.8 Maces & Flails
 + Level 1.8 Polearms
 + Level 1.8 Staves
 + Level 1.8 Ranged Weapons
 + Level 3.2 Throwing
 + Level 4.9 Armour
 + Level 1.8 Dodging
 + Level 1.8 Stealth
 + Level 1.8 Shields
 + Level 1.8 Unarmed Combat
 + Level 5.3 Spellcasting
 + Level 1.4 Conjurations
 + Level 1.4 Hexes
 + Level 1.4 Summonings
 + Level 1.4 Necromancy
 + Level 1.4 Translocations
 + Level 1.4 Transmutations
 + Level 1.4 Fire Magic
 + Level 1.4 Ice Magic
 + Level 1.4 Air Magic
 + Level 4.1 Earth Magic
 + Level 1.4 Poison Magic
 + Level 2.0 Invocations
 + Level 1.8 Evocations


You had 14 spell levels left.
You knew the following spells:

 Your Spells              Type           Power      Damage    Failure   Level
a - Sandblast             Erth           22%        2d7       14%         1

Your spell library contained the following spells:

 Spells                   Type           Power      Damage    Failure   Level
 Scorch                   Fire           12%        2d6       52%         2
 Stone Arrow              Conj/Erth      18%        3d8       56%         3
 Gell's Gravitas          Tloc           6%         N/A       77%         3
 Lesser Beckoning         Tloc           6%         N/A       77%         3
 Teleport Other           Tloc           6%         N/A       77%         3
 Flame Wave               Conj/Fire      6%         2d5       99%         4
 Summon Cactus Giant      Summ           3%         N/A       100%        6


Dungeon Overview and Level Annotations

Branches:
Dungeon (4/15)            Ossuary (1/1)
 Temple: D:4-7

Altars:
Elyvilon
Nemelex Xobeh


Innate Abilities, Weirdness & Mutations

You have very sharp teeth.
Your uncanny sense of smell can sniff out nearby items.
Your experience applies equally to all skills.


Message History

As you read the scroll labelled BUSIAR WEOREETH, it crumbles to dust.
You hear the tinkle of a tiny bell.
It was a scroll of butterflies.
The elf zombie completely misses you.
You feel much better. The mummy barely misses you. The elf zombie hits you.
You hit the elf zombie. Your bite misses the elf zombie.
The elf zombie is moderately damaged.
You barely miss the elf zombie.
The elf zombie is moderately damaged.
The mummy hits you!
The elf zombie hits you but does no damage.
You hit the elf zombie. Your bite misses the elf zombie.
The elf zombie is moderately damaged.
The elf zombie hits you but does no damage.
The mummy hits you!
* * * LOW HITPOINT WARNING * * *
You barely miss the elf zombie.
The elf zombie is moderately damaged.
The elf zombie completely misses you.
You hit the elf zombie.
The elf zombie is moderately damaged.
The mummy barely misses you.
You barely miss the elf zombie.
The elf zombie is moderately damaged.
The elf zombie hits you but does no damage.
You hit the elf zombie.
The elf zombie is heavily damaged.
The mummy hits you! Elyvilon protects you from harm!
The elf zombie closely misses you.
You slash the elf zombie!
The elf zombie is heavily damaged.
The mummy hits you but does no damage. The elf zombie barely misses you.
You hit the elf zombie.
The elf zombie is heavily damaged.
Your magical contamination has completely faded away.
You hit the elf zombie. Your bite misses the elf zombie.
The elf zombie is severely damaged.
The elf zombie hits you but does no damage.
The mummy hits you!
You die...

##.....##
#...∩...#
#.......#
#...∩...#
##.....##
##...## #...#
#####...#####
#@Z...b.....#
##M.b.b....##
#...........#
##...b.....##
#...........#
##.........##
...........#
##.........##


You could see a mummy (ally target) and an elf zombie (ally target).

Vanquished Creatures
  A phantom (D:3)
  The ghost of Priul the Conjurer, a weakling DECj (D:3)
  2 adders
  4 gnolls (D:2)
  2 dart slugs (D:3)
  3 orcs (D:3)
  9 ball pythons
  3 bats
  6 endoplasms
  A giant cockroach (D:2)
  5 goblins
  6 hobgoblins
  7 kobolds
  4 quokkas
  A frilled lizard (D:3)
  2 hobgoblin zombies (Ossuary)
  4 orc zombies (Ossuary)
  2 rats
63 creatures vanquished.

Vanquished Creatures (others)
  Ijyb (D:3)
1 creature vanquished.

Grand Total: 64 creatures vanquished

Notes
Turn   | Place    | Note
-------+----------+-------------------------------------------
     0 | D:1      | booth the Gnoll Wanderer began the quest for the Orb.
     0 | D:1      | booth set off with the following items: a +2 falchion, a +0
                  | scale mail, a scroll of blinking; and the following spell
                  | memorised: Sandblast; and the following spells available to
                  | memorise: Stone Arrow.
     0 | D:1      | Reached XP level 1. HP: 13/13 MP: 6/6
   519 | D:1      | Reached XP level 2. HP: 14/19 MP: 7/7
   851 | D:2      | Found a faded altar of an unknown god.
   868 | D:2      | Prayed at the altar of an unknown god.
   868 | D:2      | Became a worshipper of Elyvilon the Healer
   868 | D:2      | Reached * piety under Elyvilon
  1056 | D:2      | Reached skill level 5 in Spellcasting
  1056 | D:2      | Reached XP level 3. HP: 18/25 MP: 4/9
  1226 | D:2      | Reached skill level 1 in Invocations
  1382 | D:2      | Reached skill level 1 in Fighting
  1382 | D:2      | Reached skill level 1 in Short Blades
  1382 | D:2      | Reached skill level 1 in Axes
  1382 | D:2      | Reached skill level 1 in Maces & Flails
  1382 | D:2      | Reached skill level 1 in Polearms
  1382 | D:2      | Reached skill level 1 in Staves
  1382 | D:2      | Reached skill level 1 in Ranged Weapons
  1382 | D:2      | Reached skill level 1 in Dodging
  1382 | D:2      | Reached skill level 1 in Stealth
  1382 | D:2      | Reached skill level 1 in Shields
  1382 | D:2      | Reached skill level 1 in Unarmed Combat
  1382 | D:2      | Reached skill level 1 in Evocations
  1409 | D:2      | Reached XP level 4. HP: 18/32 MP: 6/11
  1599 | D:2      | Reached skill level 1 in Conjurations
  1599 | D:2      | Reached skill level 1 in Hexes
  1599 | D:2      | Reached skill level 1 in Summonings
  1599 | D:2      | Reached skill level 1 in Necromancy
  1599 | D:2      | Reached skill level 1 in Translocations
  1599 | D:2      | Reached skill level 1 in Transmutations
  1599 | D:2      | Reached skill level 1 in Fire Magic
  1599 | D:2      | Reached skill level 1 in Ice Magic
  1599 | D:2      | Reached skill level 1 in Air Magic
  1599 | D:2      | Reached skill level 1 in Poison Magic
  1693 | D:2      | Reached ** piety under Elyvilon
  2223 | D:3      | Noticed a phantom
  2248 | D:3      | Killed a phantom
  2249 | D:3      | Reached XP level 5. HP: 15/37 MP: 8/12
  2712 | D:3      | Found a large runed translucent door.
  2714 | D:3      | Found a large runed translucent door.
  2717 | D:3      | Noticed Priul's ghost (weakling DECj)
  2924 | D:3      | Noticed Ijyb
  2931 | D:3      | Killed Ijyb
  3292 | D:3      | Killed Priul's ghost
  3293 | D:3      | Reached XP level 6. HP: 39/44 MP: 14/14
  3351 | D:4      | Found a sparkling altar of Nemelex Xobeh.
  3488 | D:4      | Found a sand-covered staircase.
  3499 | Ossuary  | Entered an ossuary
  3549 | Ossuary  | Elyvilon protects you from harm!
  3552 | Ossuary  | Slain by a mummy

Illustrated notes

Levels and vault maps discovered:
D:1:      zelgadis_glass_arrival_small, layout_rooms, kennysheep_nondescript
D:2:      layout_loops_ring, hellmonk_ecumenical_altar_run_dry, minmay_distorted
D:3:      layout_basic, ebering_ghost_disaster_area, uniq_ijyb
D:4:      layout_cave_pods, kennysheep_mini_moat,
          chequers_temple_overflow_statue_of_worship,
          minmay_temple_entry_junction, chequers_ossuary_entry_cave,
          serial_shops, nicolae_shop_advertising_works
          [nicolae_subvault_shop_adworks]
Ossuary:  minmay_ossuary_gauntlet

Skill      XL: |  1  2  3  4  5 |
---------------+----------------+-----
Spellcasting   | 5 |  5.3
Invocations    | 1 2 |  2.0
Fighting       | 1 |  1.8
Short Blades   | 1 |  1.8
Axes           | 1 |  1.8
Maces & Flails | 1 |  1.8
Polearms       | 1 |  1.8
Staves         | 1 |  1.8
Ranged Weapons | 1 |  1.8
Dodging        | 1 |  1.8
Stealth        | 1 |  1.8
Shields        | 1 |  1.8
Unarmed Combat | 1 |  1.8
Evocations     | 1 |  1.8
Conjurations   | 1 |  1.4
Hexes          | 1 |  1.4
Summonings     | 1 |  1.4
Necromancy     | 1 |  1.4
Translocations | 1 |  1.4
Transmutations | 1 |  1.4
Fire Magic     | 1 |  1.4
Ice Magic      | 1 |  1.4
Air Magic      | 1 |  1.4
Poison Magic   | 1 |  1.4
Throwing       | 3 |  3.2
Earth Magic    | 4 |  4.1
Long Blades    | |  6.8
Armour         | |  4.9

Action                   |  1- 3 |  4- 6 || total
-------------------------+-------+-------++-------
Melee: Falchion          |    51 |    96 ||   147
       Bite              |     3 |     6 ||     9
 Cast: Sandblast         |    23 |    32 ||    55
  Use: Scroll            |     1 |     9 ||    10
       Potion            |       |     4 ||     4
Armor: Scale mail        |    15 |    65 ||    80
Dodge: Dodged            |    21 |    47 ||    68
